 Dungeon Crawl Stone Soup version 0.30-a0-802-gb92711bcdf (webtiles) character file.

Game seed: 8266024675806025846

247 cheesebisquit the Chiller (level 6, -7/41 HPs)
             Began as a Merfolk Ice Elementalist on Feb 23, 2023.
             Was an Initiate of Qazlal.
             Killed from afar by an oklob plant (24 damage)
             ... with a splash of acid
             ... on level 4 of the Dungeon.
             The game lasted 00:15:50 (3747 turns).

cheesebisquit the Chiller (MfIE)                    Turns: 3747, Time: 00:15:50

Health: -7/41      AC:  9    Str:  8    XL:     6   Next: 11%
Magic:  2/11       EV: 12    Int: 23    God:    Qazlal [......]
Gold:   135        SH:  0    Dex: 14    Spells: 5/12 levels left

rFire   . . .      SeeInvis .    a - +0 trident
rCold   . . .      Faith    .    (no shield)
rNeg    . . .      Spirit   .    p - +0 robe
rPois   .          Reflect  .    d - +0 helmet
rElec   .          Harm     .    (no cloak)
rCorr   .          Rampage  .    (no gloves)
Will    .....                    A - +1 pair of boots
Stlth   ++                       (no amulet)
HPRegen 0.26/turn                k - +4 ring of protection
MPRegen 0.12/turn                r - +6 ring of intelligence

@: brilliant
A: (nimble swimmer 2), mertail
a: Renounce Religion


You were on level 4 of the Dungeon.
You worshipped Qazlal.
Qazlal was noncommittal.
You visited 1 branch of the dungeon, and saw 4 of its levels.

You collected 187 gold pieces.
You spent 52 gold pieces at shops.

Inventory:

Hand Weapons
 a - a +0 trident (weapon)
 b - a +0 sling
Missiles
 n - 6 poisoned darts
 y - 2 throwing nets
Armour
 d - a +0 helmet (worn)
 p - a +0 robe (worn)
 u - a +0 kite shield
 A - a +1 pair of boots (worn)
Jewellery
 k - a +4 ring of protection (left hand)
 r - a +6 ring of intelligence (right hand)
 w - a ring of protection from fire
 D - a ring of positive energy
Scrolls
 c - a scroll of fear {unknown}
 e - 2 scrolls of enchant weapon {unknown}
 h - 2 scrolls of immolation {unknown}
 i - a scroll of brand weapon {unknown}
 j - 4 scrolls of teleportation {unknown}
 m - 3 scrolls of identify {unknown}
 o - a scroll of silence {unknown}
 q - 3 scrolls of noise {unknown}
 x - 2 scrolls of enchant armour {unknown}
 z - 2 scrolls of vulnerability {unknown}
 B - a scroll of blinking {unknown}
Potions
 f - a potion of brilliance
 g - a potion of flight {unknown}
 l - 3 potions of curing {unknown}
 s - a potion of mutation {unknown}
 t - a potion of invisibility {unknown}
 v - 2 potions of ambrosia {unknown}
 C - a potion of might {unknown}
 E - 2 potions of attraction {unknown}


   Skills:
 + Level 3.1 Polearms
 - Level 2.6 Dodging
 - Level 2.1 Stealth
 + Level 3.8 Spellcasting
 + Level 6.0 Ice Magic


You had 5 spell levels left.
You knew the following spells:

 Your Spells              Type           Power      Damage    Failure   Level
a - Freeze                Ice            100%       1d10      1%          1
b - Frozen Ramparts       Ice            96%        1d15      2%          3
c - Ozocubu's Armour      Ice            48%        N/A       2%          3

Your spell library contained the following spells:

 Spells                   Type           Power      Damage    Failure   Level
 Blink                    Tloc           12%        N/A       16%         2
 Lesser Beckoning         Tloc           12%        N/A       16%         2
 Momentum Strike          Conj/Tloc      12%        3d8       16%         2
 Summon Ice Beast         Ice/Summ       27%        N/A       30%         4
 Manifold Assault         Tloc           6%         N/A       71%         4
 Storm Form               Tmut/Air       3%         N/A       100%        7


Dungeon Overview and Level Annotations

Branches:
Dungeon (4/15)
 Temple: D:4-7

Altars:
Fedhas
Makhleb
Qazlal
Sif Muna
Trog

Shops:
D:1 !

Annotations:
D:4 exclusion: oklob plant


Innate Abilities, Weirdness & Mutations

((You are very nimble when in or above water. (Stealth+, EV+, Speed+++)))
Your lower body shifts to a powerful aquatic tail in water.


Message History

Aim: an oklob plant (lightly damaged)
You freeze the oklob plant!
The oklob plant is moderately damaged.
Aiming: Freeze (safe; 1% risk of failure)
Press: ? - help, Q - select action, (/) - cycle Shift-Dir - straight line, f/p - oklob plant
Aim: an oklob plant (moderately damaged)
You freeze the oklob plant.
The oklob plant is moderately damaged.
Aiming: Freeze (safe; 1% risk of failure)
Press: ? - help, Q - select action, (/) - cycle Shift-Dir - straight line, f/p - oklob plant
Aim: an oklob plant (moderately damaged)
You freeze the oklob plant!
The oklob plant is heavily damaged.
Okay, then.
Aiming: Freeze (safe; 1% risk of failure)
Press: ? - help, Q - select action, (/) - cycle Shift-Dir - straight line, f/p - oklob plant
Aim: an oklob plant (heavily damaged)
You freeze the oklob plant.
The oklob plant is heavily damaged.
You feel clever all of a sudden.
A nearby plant withers and dies.
Aiming: Freeze (safe; 1% risk of failure)
Press: ? - help, Q - select action, (/) - cycle Shift-Dir - straight line, f/p - oklob plant
Aim: an oklob plant (heavily damaged)
You feel a surge of power!
You freeze the oklob plant!
The oklob plant is severely damaged.
Aiming: Freeze (safe; 1% risk of failure)
Press: ? - help, Q - select action, (/) - cycle Shift-Dir - straight line, f/p - oklob plant
Aim: an oklob plant (severely damaged)
You feel a surge of power!
You freeze the oklob plant.
The oklob plant is severely damaged.
Aiming: Freeze (safe; 1% risk of failure)
Press: ? - help, Q - select action, (/) - cycle Shift-Dir - straight line, f/p - oklob plant
Aim: an oklob plant (severely damaged)
You feel a surge of power!
You freeze the oklob plant.
The oklob plant is severely damaged.
The oklob plant spits acid at you. The splash of acid hits you!!
Ouch! That really hurt!
You die...

..#...........).........#........
....................(...#........
..............#.........#########
....###.....###.........#
..............#>........#
...............#.......##
#####################..##
♣PPP♣PP.PPPP#PPP#.P.##..######
PP♣PPP♣PP.PP♣P..@PP♣#........#
PPPP#PPPPP♣PPP....PP#........#
P♣.♣PPPPP♣PPPP.PP..P#........#
PP#PPP........#PP♣PP#........#
.PP♣#..~~.~~...PPPPP#........#
PP....~≈~.~~~..P#PP.#........#
P♣P..≈~~~.≈≈~~..P#P♣##########
###.~~≈≈≈.~≈≈≈~..PPP#
P...~≈≈≈...~≈≈≈.PPP♣#


You could see an oklob plant.

Vanquished Creatures
  A necrophage (D:4)
  A hound (D:4)
  2 orc priests (D:4)
  An adder (D:4)
  A dart slug (D:4)
  5 orcs
  7 ball pythons
  9 endoplasms
  A giant cockroach (D:1)
  10 goblins
  8 hobgoblins
  6 kobolds
  5 quokkas
  7 bats
  4 frilled lizards
  4 rats
72 creatures vanquished.

Vanquished Creatures (others)
  A fungus (D:4)
  A plant (D:4)
2 creatures vanquished.

Grand Total: 74 creatures vanquished

Notes
Turn   | Place    | Note
-------+----------+-------------------------------------------
     0 | D:1      | cheesebisquit the Merfolk Ice Elementalist began the quest
                  | for the Orb.
     0 | D:1      | Reached XP level 1. HP: 13/13 MP: 3/3
   218 | D:1      | Reached XP level 2. HP: 2/19 MP: 0/5
   732 | D:1      | Reached XP level 3. HP: 22/24 MP: 3/6
   903 | D:1      | Reached skill level 5 in Ice Magic
  1033 | D:1      | Found Ipnibloa's Distillery.
  1388 | D:1      | Bought a potion of brilliance for 52 gold pieces
  1760 | D:2      | Found a shimmering blue altar of Sif Muna.
  2253 | D:3      | Learned a level 3 spell: Frozen Ramparts
  2257 | D:3      | Learned a level 3 spell: Ozocubu's Armour
  2453 | D:3      | Reached XP level 4. HP: 29/30 MP: 6/8
  2882 | D:3      | Found a stormy altar of Qazlal.
  2886 | D:3      | Found a burning altar of Makhleb.
  2891 | D:3      | Became a worshipper of Qazlal Stormbringer
  2894 | D:3      | Found a bloodstained altar of Trog.
  3049 | D:4      | Reached skill level 1 in Polearms
  3055 | D:4      | Reached XP level 5. HP: 35/35 MP: 1/10
  3264 | D:4      | Identified the +1 plate armour "Ruguo" {rElec Will+ Int+2}
  3366 | D:4      | Reached skill level 6 in Ice Magic
  3366 | D:4      | Reached XP level 6. HP: 35/41 MP: 6/11
  3680 | D:4      | Found a blossoming altar of Fedhas.
  3726 | D:4      | Noticed an oklob plant
  3747 | D:4      | Killed from afar by an oklob plant

Illustrated notes

Levels and vault maps discovered:
D:1:      ncdulo_smallfort, layout_basic, serial_shops, shop_statue,
          palyth_stone_intersect, minmay_pentomino_t2
D:2:      minmay_alternating_diamond, layout_rooms, basic_altar,
          ebering_dispersal_statue_hall, minmay_split_cup_small
D:3:      layout_loops_ring, minitemple
D:4:      layout_rooms, tgw_fedhas

Skill      XL: |  1  2  3  4  5 |
---------------+----------------+-----
Ice Magic      | 5 6 |  6.0
Spellcasting   | 3 |  3.8
Polearms       | 2 3 |  3.1
Dodging        | |  2.6
Stealth        | |  2.1

Action                     |  1- 3 |  4- 6 || total
---------------------------+-------+-------++-------
  Melee: Unarmed           |     5 |       ||     5
         Trident           |     6 |    28 ||    34
   Fire: Sling             |       |     6 ||     6
   Cast: Freeze            |    67 |    44 ||   111
    Use: Potion            |     1 |     1 ||     2
   Stab: Sleeping          |     2 |     2 ||     4
 Armour: Robe              |     8 |    17 ||    25
  Dodge: Dodged            |    31 |    18 ||    49

Table legend: (Time is in decaauts)
 A = Elapsed time spent in this place.
 B = Non-inter-level travel time spent in this place.
 C = Inter-level travel time spent in this place.
 D = Time resting spent in this place.
 E = Time spent auto-exploring this place.
 F = Levels seen in this place.
 G = Mean time per level.
                   A        B        C        D        E       F      G
               +--------+--------+--------+--------+--------+-----+--------+
         Total |   3746 |   3492 |    254 |     34 |   2860 |   4 |  936.5 |
       Dungeon |   3746 |   3492 |    254 |     34 |   2860 |   4 |  936.5 |
               +--------+--------+--------+--------+--------+-----+--------+

Top non-repeatable levels by time:
     D:1: 1414 daAuts
     D:3: 828 daAuts
     D:2: 802 daAuts
     D:4: 701 daAuts
